 Dungeon Crawl Stone Soup version 0.22-a0-433-gd2a9cce (webtiles) character file.

492239 Nattefrost the Luminary of Lethal Lore (level 25, -71/196 HPs)
             Began as a Gnoll Fire Elementalist on May 26, 2018.
             Was the Champion of Vehumet.
             Killed from afar by a lich (83 damage)
             ... with a crystal spear
             ... on level 5 of the Vaults on May 27, 2018.
             The game lasted 04:32:47 (80552 turns).

Nattefrost the Luminary of Lethal Lore (GnFE)      Turns: 80552, Time: 04:32:49

Health: -71/196    AC: 19    Str: 10    XL:     25   Next: 6%
Magic:  19/58      EV: 25    Int: 26    God:    Vehumet [******]
Gold:   2715       SH:  0    Dex: 18    Spells: 5/56 levels left

rFire    + + .     SeeInvis +   b - staff of power
rCold    + . .     Gourm    .   (no shield)
rNeg     + . .     Faith    .   v - +2 robe {rC+ rF+}
rPois    +         Spirit   .   x - +2 hat {SInv}
rElec    +         Reflect  .   Q - scarf {cloud immunity}
rCorr    .         Harm     .   V - +2 pair of gloves
MR       ++++.     Clarity  +   l - +2 pair of boots of the Vestibule of Hell {rPois rF+}
Stlth    ++++++....             g - amulet of the Four Winds {rN+ MR+++ Clar}
HPRegen  0.42/turn              O - ring of Qimigrarr {rElec Str-2}
MPRegen  0.36/turn              D - +5 ring of protection

@: very slightly contaminated
A: distributed training, fangs 1, strong nose
}: 2/15 runes: barnacled, gossamer
a: Renounce Religion


You were on level 5 of the Vaults.
You worshipped Vehumet.
Vehumet was exalted by your worship.
You were not hungry.

You visited 10 branches of the dungeon, and saw 48 of its levels.
You also visited: Ossuary.

You collected 6514 gold pieces.
You spent 3799 gold pieces at shops.

Inventory:

Armour
 l - the +2 pair of boots of the Vestibule of Hell (worn) {rPois rF+}
   (You bought it in a shop on level 2 of the Orcish Mines)

   It protects you from fire.
   It protects you from poison.
 v - a +2 robe of resistance (worn)
 x - a +2 hat of see invisible (worn)
 Q - a scarf of cloud immunity (worn)
 V - a +2 pair of gloves (worn)
Magical Staves
 a - an uncursed staff of fire
 b - an uncursed staff of power (weapon)
Jewellery
 e - the ring of Spite {Ice rN++ Int+6 Dex-2}
   (You took it off a deep elf knight on level 3 of the Elven Halls)

   [ring of ice]

   It enhances your ice magic.
   It affects your intelligence (+6).
   It affects your dexterity (-2).
   It makes you vulnerable to fire.
   It protects you from cold.
   It greatly protects you from negative energy.
 g - the amulet of the Four Winds (around neck) {rN+ MR+++ Clar}
   (You found it on level 1 of the Vaults)

   [amulet of nothing]

   It protects you from negative energy.
   It affects your resistance to hostile enchantments.
   It protects you against confusion.
 D - a +5 ring of protection (right hand)
 O - the ring of Qimigrarr (left hand) {rElec Str-2}
   (You found it on level 14 of the Dungeon)

   [ring of strength]

   It affects your strength (-2).
   It insulates you from electricity.
 U - the ring of Tekiuf {rF+ MP+9}
   (You took it off a vampire knight on level 3 of the Depths)

   [ring of protection from fire]

   It protects you from fire.
   It affects your magic capacity (+9).
Wands
 p - a wand of flame (53)
 w - a wand of paralysis (52)
 E - a wand of clouds (4)
 F - a wand of acid (1)
 T - a wand of iceblast (27)
 Y - a wand of disintegration (8)
Scrolls
 h - 12 scrolls of remove curse
 i - 4 scrolls of immolation
 n - 10 scrolls of teleportation
 o - 6 scrolls of noise
 r - 2 scrolls of amnesia
 u - 7 scrolls of enchant weapon
 y - 11 scrolls of magic mapping
 B - 4 scrolls of enchant armour
 C - 3 scrolls of silence
 J - 3 scrolls of identify
 K - 9 scrolls of fog
 M - 6 scrolls of fear
 N - 2 scrolls of summoning
Potions
 d - a potion of berserk rage
 f - 8 potions of mutation
 k - a potion of cancellation
 m - 5 potions of curing
 q - 5 potions of resistance
 s - 12 potions of flight
 t - 9 potions of lignification
 z - 7 potions of might
 A - 6 potions of brilliance
 G - a potion of ambrosia
 I - 7 potions of haste
 L - 3 potions of agility
Miscellaneous
 H - a lightning rod (4/4)
 S - a lamp of fire
 W - a phantom mirror
 X - a crystal ball of energy
Comestibles
 c - 10 rations


   Skills:
 + Level 15.7 Fighting
 + Level 15.7 Short Blades
 + Level 15.7 Long Blades
 + Level 15.7 Axes
 + Level 15.7 Maces & Flails
 + Level 15.7 Polearms
 + Level 15.7 Staves
 + Level 15.7 Slings
 + Level 15.7 Bows
 + Level 15.7 Crossbows
 + Level 15.7 Throwing
 + Level 15.7 Armour
 + Level 16.2 Dodging
 + Level 16.1 Stealth
 + Level 15.7 Shields
 + Level 15.7 Unarmed Combat
 + Level 16.3 Spellcasting
 + Level 13.7 Conjurations
 + Level 13.5 Hexes
 + Level 13.5 Charms
 + Level 13.5 Summonings
 + Level 13.5 Necromancy
 + Level 13.5 Translocations
 + Level 13.5 Transmutations
 + Level 14.4 Fire Magic
 + Level 13.5 Ice Magic
 + Level 13.5 Air Magic
 + Level 13.5 Earth Magic
 + Level 13.5 Poison Magic
 + Level 16.9 Invocations
 + Level 15.7 Evocations


You had 5 spell levels left.
You knew the following spells:

 Your Spells              Type           Power        Failure   Level  Hunger
a - Borgnjor's Vile Clut  Necr/Erth      #######...   1%          5    None
b - Iron Shot             Conj/Erth      #######...   1%          6    ####...
c - Freezing Cloud        Conj/Ice/Air   #######...   1%          6    ####...
e - Sticky Flame          Conj/Fire      #######.     1%          4    None
f - Apportation           Tloc           ######       0%          1    None
g - Bolt of Draining      Conj/Necr      #######...   1%          5    None
h - Fireball              Conj/Fire      #######...   1%          5    None
i - Mephitic Cloud        Conj/Pois/Air  #######.     1%          3    None
j - Spellforged Servitor  Conj/Summ      #######...   2%          7    #####..
k - Ignition              Fire           #######...   11%         8    #######
l - Summon Butterflies    Summ           #######.     0%          1    None

Your spell library contained the following spells:

 Spells                   Type           Power        Failure   Level  Hunger
 Cause Fear               Hex            #######...   1%          4    None
 Magic Dart               Conj           ####         0%          1    None
 Conjure Flame            Conj/Fire      #######.     0%          3    None
 Bolt of Fire             Conj/Fire      #######...   1%          6    ####...
 Lightning Bolt           Conj/Air       #######...   1%          5    None
 Slow                     Hex            #######.     0%          2    None
 Confuse                  Hex            #######.     1%          3    None
 Invisibility             Hex            #######.     1%          6    ####...
 Throw Flame              Conj/Fire      ######       0%          2    None
 Ring of Flames           Chrm/Fire      #######...   6%          7    #####..
 Venom Bolt               Conj/Pois      #######...   1%          5    None
 Olgreb's Toxic Radiance  Pois           #######.     1%          4    None
 Iskenderun's Mystic Bla  Conj           #######.     1%          4    None
 Animate Dead             Necr           N/A          1%          4    None
 Pain                     Necr           ####         0%          1    None
 Animate Skeleton         Necr           N/A          0%          1    None
 Vampiric Draining        Necr           #######...   1%          3    None
 Summon Ice Beast         Ice/Summ       #######.     1%          4    None
 Call Imp                 Summ           #######.     0%          2    None
 Regeneration             Chrm/Necr      #######...   1%          3    None
 Sting                    Conj/Pois      ####         0%          1    None
 Sublimation of Blood     Necr           #######...   0%          2    None
 Tukima's Dance           Hex            #######.     1%          3    None
 Summon Demon             Summ           #######...   1%          5    None
 Shock                    Conj/Air       ####         0%          1    None
 Swiftness                Chrm/Air       #######.     0%          2    None
 Recall                   Summ/Tloc      N/A          1%          3    None
 Spider Form              Tmut/Pois      #######...   1%          3    None
 Blade Hands              Tmut           #######...   1%          5    None
 Ice Form                 Ice/Tmut       #######.     1%          4    None
 Death Channel            Necr           #######...   1%          6    ####...
 Deflect Missiles         Chrm/Air       #######...   1%          6    ####...
 Airstrike                Air            #######...   1%          4    None
 Shadow Creatures         Summ           N/A          1%          6    ####...
 Confusing Touch          Hex            ######       0%          1    None
 Flame Tongue             Conj/Fire      #####        0%          1    None
 Ignite Poison            Fire/Tmut/Pois #######.     1%          3    None
 Sticks to Snakes         Tmut           #######.     0%          2    None
 Ensorcelled Hibernation  Hex/Ice        ######       0%          2    None
 Metabolic Englaciation   Hex/Ice        #######...   1%          5    None
 Silence                  Hex/Air        #######...   1%          5    None
 Shatter                  Erth           #######...   89%         9    #######
 Static Discharge         Conj/Air       #######.     1%          3    None
 Corona                   Hex            #######      0%          1    None
 Alistair's Intoxication  Tmut/Pois      #######.     1%          5    None
 Sandblast                Erth           ######       0%          1    None
 Simulacrum               Ice/Necr       #######...   1%          6    ####...
 Conjure Ball Lightning   Conj/Air       #######...   1%          6    ####...
 Portal Projectile        Hex/Tloc       ######       1%          3    None
 Petrify                  Tmut/Erth      #######.     1%          4    None
 Tornado                  Air            #######...   89%         9    #######
 Leda's Liquefaction      Hex/Erth       #######...   1%          4    None
 Shroud of Golubria       Chrm/Tloc      #######...   0%          2    None
 Inner Flame              Hex/Fire       #######.     0%          3    None
 Aura of Abjuration       Summ           #######...   1%          5    None
 Beastly Appendage        Tmut           ######       0%          1    None
 Fulminant Prism          Conj/Hex       #######...   1%          4    None
 Dazzling Spray           Conj/Hex       ######       1%          3    None
 Force Lance              Conj/Tloc      #######.     1%          4    None
 Infusion                 Chrm           ####         0%          1    None
 Song of Slaying          Chrm           #######.     0%          2    None
 Spectral Weapon          Hex/Chrm       #######.     1%          3    None
 Searing Ray              Conj           ######       0%          2    None
 Discord                  Hex            #######...   52%         8    #######
 Summon Forest            Summ/Tloc      #######...   1%          5    None
 Summon Lightning Spire   Summ/Air       #######.     1%          4    None
 Summon Guardian Golem    Hex/Summ       #######.     1%          3    None
 Summon Mana Viper        Hex/Summ       #######.     1%          5    None
 Gell's Gravitas          Tloc           #######...   1%          3    None
 Yara's Violent Unravell  Hex/Tmut       #######...   1%          5    None
 Lesser Beckoning         Tloc           #######...   1%          3    None
 Poisonous Vapours        Pois/Air       ######       0%          2    None


Dungeon Overview and Level Annotations

Branches:
Dungeon (15/15)            Temple (1/1) D:5            Lair (6/6) D:8
 Shoals (4/4) Lair:4       Spider (4/4) Lair:3        Slime (3/5) Lair:5
    Orc (2/2) D:11            Elf (3/3) Orc:2        Vaults (5/5) D:14
  Crypt (0/3) Vaults:3     Depths (5/5) D:15            Zot (0/5) Depths:5

Altars:
Ashenzari
Cheibriados
Elyvilon
Gozag
Nemelex Xobeh
Qazlal
Ru
Trog
Vehumet
Wu Jian
Yredelemnul
The Shining One
Beogh
Jiyva

Shops:
D:7 }   D:10 !   D:14 ?   Orc:2 (*[:   Elf:1 *   Elf:2 }   Depths:4 *([
Depths:5 !

Portals:
Hell: Depths:1 Depths:2 Depths:3 Depths:4 Depths:5
Abyss: Depths:3 Depths:4
Pandemonium: Depths:1 Depths:3 Depths:4 Depths:5
Ziggurat: Depths:3
Trove: Elf:2 (give 11 potions of heal wounds)

Annotations:
Elf:2 3 runed doors
Vaults:2 Mennas
Depths:3 the Enchantress


Innate Abilities, Weirdness & Mutations

Your experience applies equally to all skills.
You have very sharp teeth.
Your uncanny sense of smell can sniff out nearby items.


Message History

The battlesphere is engulfed in freezing vapours. x2
The vault warden hits the battlesphere with a battleaxe!
Casting: Borgnjor's Vile Clutch (safe; 1% risk of failure)
Confirm with . or Enter, or press ? or * to list all spells.
Aiming: Iron Shot (safe; 1% risk of failure)
Press: ? - help, Shift-Dir - straight line, f - lich, p - tengu reaver
Aim: a lich (fast)
The iron shot hits the lich.
The lich is moderately damaged.
The zombie hands constrict the vault warden!
The zombie hands constrict the tengu reaver.
You kill the tengu reaver!
Vehumet accepts your kill.
You feel your power returning.
The zombie hands constrict the tengu reaver!
The battlesphere dissipates.
The battlesphere is engulfed in freezing vapours.
The lich points at you and mumbles some strange words.
The crystal spear hits you!
You die...

∆ ∆ ...#%#.## ...#....∆
...#%#. ∆ .%...:
%[[)$###################
?%[.%......§p..§§§§.....
<<%[.).%%.§*Q)§.@§.L....
..<[[§.).%§§§§§.§§......
<<%.[3..%).§§..%........
[[[..###################
[.[..# .[.#.% %..#..X
...#..%. ...#.....


You could see a vault warden (confused), a tengu reaver, a lich and a
battlesphere.

Vanquished Creatures
  Sojobo (Vaults:5)
  Saint Roka (Depths:2)
  Bai Suzhen (Vaults:2)
  A caustic shrike (Depths:3)
  Frederick (Vaults:2)
  2 golden dragons
  Nikola (Elf:3)
  A bone dragon (Depths:5)
  Jorgrun (Shoals:3)
  2 tentacled monstrosities
  2 liches (Depths:3)
  A titan (Vaults:5)
  A deep elf blademaster (Elf:3)
  A deep elf master archer (Elf:3)
  2 acid blobs
  2 quicksilver dragons
  Frances (Spider:2)
  Gastronok (Lair:2)
  A kraken (Shoals:2)
  Polyphemus (Shoals:4)
  A shadow dragon (Vaults:5)
  3 sphinxes
  2 tengu reavers
  A storm dragon (Depths:3)
  2 azure jellies
  A draconian monk (Depths:5)
  Ilsuiw (Shoals:4)
  7 fire giants
  An orc warlord (D:11)
  A balrug (Depths:2)
  2 emperor scorpions
  7 deep elf sorcerers
  Louise (Shoals:1)
  8 frost giants
  10 vault wardens
  3 ghost moths
  A spriggan defender (Depths:3)
  7 ironheart preservers
  4 deep elf elementalists
  A draconian stormcaller (Depths:5)
  An entropy weaver (Vaults:4)
  22 very ugly things
  7 deep elf demonologists
  22 stone giants
  3 vampire knights
  4 spark wasps
  A purple draconian (Depths:5)
  A white draconian (Depths:5)
  11 deep elf annihilators
  6 merfolk javelineers
  9 merfolk impalers
  10 ettins
  Snorg (Lair:5)
  3 jiangshi
  2 deep elf death magi (Elf:3)
  4 deep elf high priests (Elf:3)
  10 fire dragons
  11 great orbs of eyes
  10 yaktaur captains
  A great orb of eyes (shapeshifter) (Elf:2)
  Harold (D:10)
  Erolcha (D:13)
  25 vault guards
  A hell beast (Depths:5)
  3 spriggan air magi
  13 hydras
  8 ice dragons
  4 rakshasas
  The ghost of Nattefrost the Martial Artist, a journeyman GnTm of Kikubaaqudgha (D:10)
  2 merfolk avatars
  13 centaur warriors
  An alligator snapping turtle (Shoals:3)
  A satyr (Shoals:4)
  10 ogre magi
  4 death yaks (Shoals:4)
  5 tengu warriors
  5 merfolk aquamancers
  3 catoblepae
  9 deep troll earth magi
  31 two-headed ogres
  8 deep troll shamans
  5 orc high priests
  14 dancing weapons
  6 spriggan berserkers
  2 vampire magi
  4 hell knights
  2 sun demons (Depths:2)
  21 deep elf knights
  2 iron trolls
  5 skeletal warriors
  2 shadow wraiths (Vaults:2)
  A fire crab (shapeshifter) (Elf:1)
  A salamander mystic (Depths:3)
  An unseen horror (shapeshifter) (Vaults:3)
  4 wizards
  A sixfirhy (Depths:5)
  A glowing orange brain (shapeshifter) (Vaults:1)
  3 unseen horrors
  14 sea snakes
  15 deep trolls
  A deep troll (shapeshifter) (Vaults:2)
  4 glowing orange brains
  A lindwurm (Lair:6)
  Pikel (D:8)
  13 deep elf archers
  21 ironbrand convokers
  6 phantasmal warriors
  15 orc knights
  A necromancer (Depths:3)
  2 wolf spider zombies
  4 salamanders
  13 cyclopes
  11 fauns
  10 orb spiders
  8 orc sorcerers
  2 moths of wrath
  9 harpies
  A sphinx skeleton (Depths:3)
  42 deep elf magi
  A shadow dragon skeleton (Depths:3)
  21 wolf spiders
  A cyclops (shapeshifter) (Depths:2)
  2 oklob plants (Lair:2)
  13 manticores
  A faun (shapeshifter) (Vaults:2)
  43 ugly things
  2 guardian serpents (Depths:4)
  18 vault sentinels
  Maurice (D:11)
  6 water nymphs
  3 black mambas
  3 gargoyles
  14 merfolk sirens
  8 spiny frogs
  3 molten gargoyles (Lair:6)
  7 orange demons
  An eye of devastation (Slime:1)
  5 rime drakes
  A hellion (Depths:1)
  A spark wasp simulacrum (Depths:3)
  50 yaktaurs
  3 freezing wraiths
  17 komodo dragons
  6 demonic crawlers
  3 kobold demonologists
  A hellwing (Depths:1)
  A komodo dragon (shapeshifter) (Depths:1)
  A queen bee (Lair:3)
  3 trolls
  A golden dragon simulacrum (Depths:3)
  A troll (shapeshifter) (Vaults:2)
  2 red devils
  A tengu conjurer (D:15)
  20 jumping spiders
  35 merfolk
  A polar bear (Lair:5)
  A tengu simulacrum (Vaults:3)
  A hornet (shapeshifter) (Elf:2)
  13 blink frogs
  8 wind drakes
  17 hornets
  A shadow dragon simulacrum (Depths:3)
  3 meliai (Lair:3)
  A harpy skeleton (D:15)
  3 dream sheep (Shoals:1)
  49 slime creatures
  2 dream sheep (shapeshifter)
  3 meliai zombies
  10 snapping turtles
  17 hippogriffs
  A hippogriff (shapeshifter) (Vaults:4)
  59 redbacks
  Sigmund (D:2)
  4 spriggans
  3 wraiths
  14 wyverns
  A shadow (D:11)
  11 water elementals
  A yak (shapeshifter) (Depths:3)
  A human (shapeshifter) (Depths:3)
  A vampire (D:10)
  Eustachio (D:6)
  10 basilisks
  A fire elemental (Elf:3)
  A golden eye (shapeshifter) (Depths:3)
  33 tarantellas
  2 fire bats (Depths:1)
  A hungry ghost (D:8)
  Grum (D:8)
  A steam dragon (Lair:6)
  36 yaks
  A yaktaur simulacrum (Vaults:2)
  7 vampire mosquitoes
  Menkaure (D:7)
  7 wargs
  4 acid dragons
  2 hell hounds
  14 water moccasins
  A floating eye (Slime:3)
  Duvessa (D:6)
  8 porcupines
  46 orc warriors
  9 sky beasts
  2 slaves (D:8)
  3 hornet zombies
  2 ettin simulacra (Vaults:2)
  2 eyes of draining
  An ice beast (shapeshifter) (Depths:3)
  11 boggarts
  An eye of draining (shapeshifter) (Depths:4)
  4 black bears
  3 ice beasts
  25 ogres
  A necrophage (D:6)
  12 wolves
  The ghost of anet the Magician, an amateur GnWz (D:3)
  18 crocodiles
  14 centaurs
  4 big kobolds
  A bullfrog (shapeshifter) (Vaults:2)
  15 bullfrogs
  4 earth elementals
  A gnoll sergeant (D:9)
  Dowan (D:6)
  8 scorpions
  2 wyvern skeletons
  A water moccasin skeleton (D:11)
  22 wights
  2 elf simulacra
  22 killer bees
  8 howler monkeys
  2 electric eels
  5 lava snakes (Lair:6)
  7 crimson imps
  3 jellies
  3 hounds
  2 quasits
  2 centaur zombies
  14 orc priests
  3 iguanas
  2 iron imps
  23 orc wizards
  5 centaur skeletons
  Crazy Yiuf (D:6)
  Jessica (D:2)
  Natasha (thrice) (D:3)
  15 worker ants
  4 hound skeletons
  A mummy (Ossuary)
  A worker ant zombie (D:5)
  14 gnolls
  6 adders
  2 howler monkey skeletons
  2 shadow imps
  13 white imps
  An adder zombie (D:5)
  A worm (D:4)
  2 dart slugs
  8 leopard geckos
  88 orcs
  6 bats (D:1)
  4 giant cockroaches
  10 goblins
  8 hobgoblins
  3 jackals (D:11)
  15 kobolds
  7 quokkas
  2 ball pythons
  6 frilled lizards
  10 gnoll skeletons (Ossuary)
  A jackal skeleton (D:8)
  5 kobold skeletons (Ossuary)
  A leopard gecko skeleton (D:5)
  9 orc skeletons (Ossuary)
  2 quokka skeletons
  5 rats
  A fungus (Orc:2)
  9 plants
1890 creatures vanquished.

Vanquished Creatures (collateral kills)
  3 very ugly things (Depths:3)
  2 deep elf annihilators (Elf:3)
  A white draconian (Depths:5)
  2 merfolk javelineers
  2 jiangshi (Depths:3)
  A merfolk avatar (Shoals:4)
  A salamander (Depths:3)
  A freezing wraith (Vaults:2)
  2 snapping turtles (Shoals:4)
15 creatures vanquished.

Vanquished Creatures (others)
  A lich (Depths:2)
  A tengu reaver (Depths:4)
  A stone giant (Vaults:5)
  An ogre mage (Vaults:2)
  A shadow wraith (Vaults:2)
  An unseen horror (D:11)
  A wizard (Vaults:2)
  A deep elf mage (Elf:1)
  A fire elemental (Elf:3)
  A hell hound (Lair:6)
  2 slaves (D:8)
  4 kobolds (D:8)
  7 fungi
  91 plants
  12 tentacles
126 creatures vanquished.

Grand Total: 2031 creatures vanquished

Notes
Turn   | Place    | Note
-------+----------+-------------------------------------------
     0 | D:1      | Nattefrost the Gnoll Fire Elementalist began the quest for the Orb.
     0 | D:1      | Reached XP level 1. HP: 13/13 MP: 6/6
   219 | D:1      | Reached XP level 2. HP: 19/19 MP: 4/7
   695 | D:1      | Reached XP level 3. HP: 25/25 MP: 5/9
   762 | D:2      | Reached skill level 1 in Fighting
   762 | D:2      | Reached skill level 1 in Short Blades
   762 | D:2      | Reached skill level 1 in Long Blades
   762 | D:2      | Reached skill level 1 in Axes
   762 | D:2      | Reached skill level 1 in Maces & Flails
   762 | D:2      | Reached skill level 1 in Polearms
   762 | D:2      | Reached skill level 1 in Staves
   762 | D:2      | Reached skill level 1 in Slings
   762 | D:2      | Reached skill level 1 in Bows
   762 | D:2      | Reached skill level 1 in Crossbows
   762 | D:2      | Reached skill level 1 in Throwing
   762 | D:2      | Reached skill level 1 in Armour
   762 | D:2      | Reached skill level 1 in Shields
   762 | D:2      | Reached skill level 1 in Unarmed Combat
   762 | D:2      | Reached skill level 5 in Spellcasting
   762 | D:2      | Reached skill level 1 in Invocations
   762 | D:2      | Reached skill level 1 in Evocations
   770 | D:2      | Reached XP level 4. HP: 22/32 MP: 3/11
   998 | D:2      | Learned a level 2 spell: Throw Flame
  1160 | D:2      | Noticed Jessica
  1171 | D:2      | Killed Jessica
  1171 | D:2      | Reached skill level 1 in Hexes
  1171 | D:2      | Reached skill level 1 in Charms
  1171 | D:2      | Reached skill level 1 in Summonings
  1171 | D:2      | Reached skill level 1 in Necromancy
  1171 | D:2      | Reached skill level 1 in Translocations
  1171 | D:2      | Reached skill level 1 in Transmutations
  1171 | D:2      | Reached skill level 1 in Ice Magic
  1171 | D:2      | Reached skill level 1 in Air Magic
  1171 | D:2      | Reached skill level 1 in Earth Magic
  1171 | D:2      | Reached skill level 1 in Poison Magic
  1394 | D:2      | Noticed Sigmund
  1399 | D:2      | Killed Sigmund
  1399 | D:2      | Reached XP level 5. HP: 16/38 MP: 12/12
  1399 | D:2      | Reached XP level 6. HP: 18/44 MP: 13/13
  1719 | D:2      | Learned a level 3 spell: Conjure Flame
  1861 | D:3      | Noticed anet's ghost (amateur GnWz)
  1996 | D:3      | Noticed Natasha
  1998 | D:3      | Reached skill level 5 in Dodging
  2106 | D:3      | Killed Natasha
  2228 | D:3      | Noticed Natasha
  2234 | D:3      | Killed Natasha
  2382 | D:3      | Learned a level 3 spell: Inner Flame
  2426 | D:3      | Noticed Natasha
  2433 | D:3      | Killed Natasha
  2451 | D:3      | Killed anet's ghost
  2451 | D:3      | Reached XP level 7. HP: 50/50 MP: 0/15
  3376 | D:4      | Reached skill level 5 in Stealth
  3628 | D:5      | Entered Level 5 of the Dungeon
  3722 | D:5      | Reached skill level 5 in Fighting
  3722 | D:5      | Reached skill level 5 in Short Blades
  3722 | D:5      | Reached skill level 5 in Long Blades
  3722 | D:5      | Reached skill level 5 in Axes
  3722 | D:5      | Reached skill level 5 in Maces & Flails
  3722 | D:5      | Reached skill level 5 in Polearms
  3722 | D:5      | Reached skill level 5 in Staves
  3722 | D:5      | Reached skill level 5 in Slings
  3722 | D:5      | Reached skill level 5 in Bows
  3722 | D:5      | Reached skill level 5 in Crossbows
  3722 | D:5      | Reached skill level 5 in Throwing
  3722 | D:5      | Reached skill level 5 in Armour
  3722 | D:5      | Reached skill level 5 in Shields
  3722 | D:5      | Reached skill level 5 in Unarmed Combat
  3722 | D:5      | Reached skill level 5 in Invocations
  3722 | D:5      | Reached skill level 5 in Evocations
  3722 | D:5      | Reached XP level 8. HP: 62/62 MP: 14/18
  3855 | D:5      | Reached XP level 9. HP: 62/68 MP: 10/19
  4213 | D:5      | Found a staircase to the Ecumenical Temple.
  4377 | Temple   | Entered the Ecumenical Temple
  4396 | Temple   | Became a worshipper of Vehumet
  4718 | D:6      | Noticed Eustachio
  4734 | D:6      | Killed Eustachio
  4925 | D:6      | Reached skill level 5 in Conjurations
  5385 | D:6      | Noticed Duvessa
  5394 | D:6      | Learned a level 4 spell: Sticky Flame
  5395 | D:6      | Noticed Dowan
  5409 | D:6      | Killed Duvessa
  5409 | D:6      | Reached * piety under Vehumet
  5409 | D:6      | Offered knowledge of Magic Dart by Vehumet.
  5836 | D:6      | Identified First Steps in Witchcraft
  5857 | D:6      | Learned a level 1 spell: Apportation
  5976 | D:6      | Killed Dowan
  6055 | D:6      | Noticed a white ugly thing
  6070 | D:6      | Killed a white ugly thing
  6070 | D:6      | Reached XP level 10. HP: 36/76 MP: 9/21
  6285 | D:6      | Found a runed door.
  6639 | D:6      | Noticed Crazy Yiuf
  6640 | D:6      | Killed Crazy Yiuf
  6811 | D:7      | Learned a level 1 spell: Magic Dart
  7068 | D:7      | Found Ulaadwak's Gadget Emporium.
  7071 | D:7      | Bought a wand of acid (9) for 312 gold pieces
  7132 | D:7      | Found a sand-covered staircase.
  7195 | Ossuary  | Entered an ossuary
  7206 | Ossuary  | Reached ** piety under Vehumet
  7208 | Ossuary  | Offered knowledge of Throw Frost by Vehumet.
  7300 | Ossuary  | Identified a scroll of acquirement
  7800 | D:7      | Noticed Menkaure
  7805 | D:7      | Killed Menkaure
  7857 | D:7      | Learned a level 5 spell: Fireball
  8225 | D:8      | Noticed a two-headed ogre
  8248 | D:7      | Killed a two-headed ogre
  8248 | D:7      | Reached skill level 5 in Hexes
  8248 | D:7      | Reached skill level 5 in Charms
  8248 | D:7      | Reached skill level 5 in Summonings
  8248 | D:7      | Reached skill level 5 in Necromancy
  8248 | D:7      | Reached skill level 5 in Translocations
  8248 | D:7      | Reached skill level 5 in Transmutations
  8248 | D:7      | Reached skill level 5 in Ice Magic
  8248 | D:7      | Reached skill level 5 in Air Magic
  8248 | D:7      | Reached skill level 5 in Earth Magic
  8248 | D:7      | Reached skill level 5 in Poison Magic
  8370 | D:8      | Found a glowing golden altar of the Shining One.
  8495 | D:8      | Noticed Pikel
  8506 | D:8      | Offered knowledge of Mephitic Cloud by Vehumet.
  8511 | D:8      | Learned a level 3 spell: Mephitic Cloud
  8522 | D:8      | Killed Pikel
  8699 | D:8      | Noticed a two-headed ogre
  8708 | D:8      | Killed a two-headed ogre
  8708 | D:8      | Reached XP level 11. HP: 78/81 MP: 5/23
  8877 | D:8      | Noticed Grum
  8891 | D:8      | Killed Grum
  8891 | D:8      | Reached *** piety under Vehumet
  9030 | D:8      | Offered knowledge of Ignite Poison by Vehumet.
  9105 | D:8      | Learned a level 3 spell: Ignite Poison
  9274 | D:8      | Found a staircase to the Lair.
  9577 | D:9      | Noticed a two-headed ogre
  9597 | D:9      | Killed a two-headed ogre
 10833 | Lair:1   | Entered Level 1 of the Lair of Beasts
 10845 | Lair:1   | Noticed a six-headed hydra
 10847 | Lair:1   | Reached **** piety under Vehumet
 10860 | Lair:1   | Killed a six-headed hydra
 11617 | Lair:1   | Offered knowledge of Bolt of Draining by Vehumet.
 12136 | Lair:2   | Noticed an oklob plant
 12866 | Lair:1   | Reached XP level 12. HP: 42/91 MP: 4/24
 13912 | Lair:2   | Noticed Gastronok
 13929 | Lair:2   | Killed Gastronok
 14586 | Lair:3   | Noticed an eight-headed hydra
 14614 | Lair:2   | Killed an eight-headed hydra
 15144 | Lair:3   | Found a hole to the Spider Nest.
 16580 | Lair:3   | Reached XP level 13. HP: 98/98 MP: 21/26
 16622 | Lair:3   | Learned a level 5 spell: Bolt of Draining
 18851 | Lair:4   | Reached ***** piety under Vehumet
 19173 | Lair:4   | Offered knowledge of Fulminant Prism by Vehumet.
 19362 | Lair:4   | Found a staircase to the Shoals.
 20759 | Lair:5   | Found a runed door.
 20760 | Lair:5   | Found a viscous altar of Jiyva.
 20760 | Lair:5   | Noticed an acid blob
 20762 | Lair:5   | Found a staircase to the Slime Pits.
 20775 | Lair:5   | Killed an acid blob
 21106 | Lair:5   | Reached skill level 10 in Spellcasting
 21285 | Lair:5   | Noticed Snorg
 21292 | Lair:5   | Killed Snorg
 21778 | Lair:6   | Entered Level 6 of the Lair of Beasts
 22419 | Lair:6   | Reached XP level 14. HP: 97/106 MP: 24/28
 22425 | Lair:6   | Reached skill level 10 in Dodging
 22931 | Lair:6   | Learned a level 3 spell: Dazzling Spray
 23839 | Lair:6   | Reached skill level 10 in Stealth
 24324 | Lair:6   | Found a large runed door.
 24325 | Lair:6   | Found a large runed door.
 24664 | D:10     | Entered Level 10 of the Dungeon
 24939 | D:10     | Noticed Harold
 24949 | D:10     | Found Yla Neg's Distillery.
 24955 | D:10     | Bought a potion of heal wounds for 60 gold pieces
 24955 | D:10     | Bought a potion of experience for 600 gold pieces
 24955 | D:10     | Reached skill level 10 in Invocations
 24955 | D:10     | Reached XP level 15. HP: 110/114 MP: 13/29
 25067 | D:10     | Killed Harold
 25262 | D:10     | Noticed Nattefrost's ghost (journeyman GnTm)
 25267 | D:10     | Killed Nattefrost's ghost
 25827 | D:11     | Noticed Maurice
 25839 | D:11     | Killed Maurice
 25937 | D:11     | Found a staircase to the Orcish Mines.
 25950 | D:11     | Found a roughly hewn altar of Beogh.
 26721 | D:11     | Offered knowledge of Irradiate by Vehumet.
 27221 | Orc:1    | Entered Level 1 of the Orcish Mines
 27412 | Orc:1    | Found a roughly hewn altar of Beogh.
 27658 | Orc:2    | Entered Level 2 of the Orcish Mines
 27658 | Orc:2    | Found Nithrog's Antique Weapon Shoppe.
 28291 | Orc:2    | Noticed an orc warlord
 28291 | Orc:2    | Paralysed by an orc sorcerer for 6 turns
 28637 | D:11     | Killed an orc warlord
 29131 | Orc:2    | Found Ybuavvou's Antique Armour Shoppe.
 29403 | Orc:2    | Bought a pair of faintly glowing boots for 237 gold pieces
 29406 | Orc:2    | Offered knowledge of Iron Shot by Vehumet.
 29406 | Orc:2    | Reached skill level 10 in Fire Magic
 29414 | Orc:2    | Learned a level 6 spell: Iron Shot
 29424 | Orc:2    | Identified the +2 pair of boots of the Vestibule of Hell {rPois rF+} (You bought it in a shop on level 2 of the Orcish Mines)
 29452 | Orc:2    | Found a staircase to the Elven Halls.
 29455 | Orc:2    | Found Gipek's Book Boutique.
 30026 | Orc:2    | Reached XP level 16. HP: 122/122 MP: 31/31
 30347 | Orc:2    | Found Kees's General Store.
 30357 | Orc:2    | Reached skill level 10 in Fighting
 30357 | Orc:2    | Reached skill level 10 in Short Blades
 30357 | Orc:2    | Reached skill level 10 in Long Blades
 30357 | Orc:2    | Reached skill level 10 in Axes
 30357 | Orc:2    | Reached skill level 10 in Maces & Flails
 30357 | Orc:2    | Reached skill level 10 in Polearms
 30357 | Orc:2    | Reached skill level 10 in Staves
 30357 | Orc:2    | Reached skill level 10 in Slings
 30357 | Orc:2    | Reached skill level 10 in Bows
 30357 | Orc:2    | Reached skill level 10 in Crossbows
 30357 | Orc:2    | Reached skill level 10 in Throwing
 30357 | Orc:2    | Reached skill level 10 in Armour
 30357 | Orc:2    | Reached skill level 10 in Shields
 30357 | Orc:2    | Reached skill level 10 in Unarmed Combat
 30357 | Orc:2    | Reached skill level 10 in Evocations
 31124 | D:12     | Found an ornate altar of the Wu Jian Council.
 33120 | D:13     | Noticed Erolcha
 33124 | D:13     | Killed Erolcha
 33769 | D:14     | Found Ronn's Magic Scroll Emporium.
 33780 | D:14     | Bought a scroll of identify for 28 gold pieces
 33780 | D:14     | Bought a scroll of summoning for 133 gold pieces
 33780 | D:14     | Bought a scroll of identify for 28 gold pieces
 33780 | D:14     | Bought a scroll of summoning for 133 gold pieces
 33780 | D:14     | Bought a scroll of identify for 28 gold pieces
 33780 | D:14     | Bought a scroll of identify for 28 gold pieces
 34368 | D:14     | Found a gate to the Vaults.
 34785 | D:14     | Got a flickering copper ring
 34798 | D:14     | Identified the cursed ring of Qimigrarr {rElec Str-2} (You found it on level 14 of the Dungeon)
 34848 | D:14     | Offered knowledge of Bolt of Magma by Vehumet.
 35618 | D:15     | Entered Level 15 of the Dungeon
 35880 | D:15     | Found a staircase to the Depths.
 36033 | D:15     | Reached ****** piety under Vehumet
 37249 | Spider:1 | Entered Level 1 of the Spider Nest
 37272 | Spider:1 | Reached XP level 17. HP: 129/129 MP: 16/32
 37969 | Spider:1 | Offered knowledge of Orb of Destruction by Vehumet.
 39303 | Spider:2 | Noticed Frances
 39945 | Spider:2 | Killed Frances
 41663 | Spider:4 | Entered Level 4 of the Spider Nest
 41944 | Spider:4 | Offered knowledge of Freezing Cloud by Vehumet.
 42240 | Spider:4 | Learned a level 6 spell: Freezing Cloud
 42567 | Spider:4 | Learned a level 3 spell: Vampiric Draining
 43498 | Spider:4 | Reached skill level 10 in Conjurations
 43993 | Spider:4 | Got a gossamer rune of Zot
 44035 | Spider:4 | Offered knowledge of Ozocubu's Refrigeration by Vehumet.
 44226 | Shoals:1 | Entered Level 1 of the Shoals
 44423 | Shoals:1 | Reached XP level 18. HP: 134/138 MP: 33/34
 45191 | Shoals:1 | Noticed Louise
 45208 | Shoals:1 | Killed Louise
 45773 | Shoals:2 | Reached skill level 10 in Hexes
 45773 | Shoals:2 | Reached skill level 10 in Charms
 45773 | Shoals:2 | Reached skill level 10 in Summonings
 45773 | Shoals:2 | Reached skill level 10 in Necromancy
 45773 | Shoals:2 | Reached skill level 10 in Translocations
 45773 | Shoals:2 | Reached skill level 10 in Transmutations
 45773 | Shoals:2 | Reached skill level 10 in Ice Magic
 45773 | Shoals:2 | Reached skill level 10 in Air Magic
 45773 | Shoals:2 | Reached skill level 10 in Earth Magic
 45773 | Shoals:2 | Reached skill level 10 in Poison Magic
 46959 | Orc:2    | Bought a book of the Tempests for 1190 gold pieces
 47944 | Shoals:3 | Identified Sif Muna's Grimoire of Stolen Souls and the Blaze
 48256 | Shoals:3 | Noticed Jorgrun
 48275 | Shoals:3 | Killed Jorgrun
 48502 | Shoals:3 | Offered knowledge of Fire Storm by Vehumet.
 48502 | Shoals:3 | Offered knowledge of Glaciate by Vehumet.
 48502 | Shoals:3 | Offered knowledge of Chain Lightning by Vehumet.
 48607 | Shoals:4 | Entered Level 4 of the Shoals
 49009 | Shoals:4 | Got a barnacled rune of Zot
 49017 | Shoals:4 | Noticed Polyphemus
 49033 | Shoals:4 | Killed Polyphemus
 49209 | Shoals:4 | Noticed Ilsuiw
 49231 | Shoals:4 | Killed Ilsuiw
 49933 | Shoals:4 | Reached XP level 19. HP: 95/146 MP: 32/36
 52025 | Elf:1    | Entered Level 1 of the Elven Halls
 53112 | Elf:1    | Found Xuraokk's General Store.
 53124 | Elf:1    | Bought a scroll of teleportation for 51 gold pieces
 53124 | Elf:1    | Bought a potion of curing for 51 gold pieces
 53840 | Elf:2    | Got a translucent crystal plate armour
 53841 | Elf:2    | Identified the +13 crystal plate armour of Hiryhugum {Str+2} (You acquired it on level 2 of the Elven Halls)
 54214 | Elf:2    | Found Zoac Qiurr's Gadget Emporium.
 54360 | Elf:2    | Found a huge runed gate.
 54360 | Elf:2    | Found a huge runed gate.
 54370 | Elf:2    | Found a huge runed gate.
 54592 | Elf:2    | Found a portal to a secret trove of treasure.
 55053 | Elf:3    | Entered Level 3 of the Elven Halls
 55274 | Elf:3    | Learned a level 5 spell: Summon Forest
 55982 | Elf:3    | Reached XP level 20. HP: 155/155 MP: 34/37
 56036 | Elf:3    | Noticed Nikola
 56042 | Elf:3    | Killed Nikola
 57249 | Elf:3    | Learned a level 5 spell: Borgnjor's Vile Clutch
 57257 | Elf:3    | Got a wavering golden ring
 57274 | Elf:3    | Got a flickering bone ring
 57530 | Elf:3    | Got a distressingly furry helmet
 57539 | Elf:3    | Identified the ring "Soskang" {rPois rN+} (You took it off a deep elf annihilator on level 3 of the Elven Halls)
 57542 | Elf:3    | Identified the ring of Spite {Ice rN++ Int+6 Dex-2} (You took it off a deep elf knight on level 3 of the Elven Halls)
 57910 | Vaults:1 | Entered Level 1 of the Vaults
 58812 | Vaults:1 | Found the amulet of the Four Winds {rN+ MR+++ Clar}
 60534 | Vaults:2 | Reached XP level 21. HP: 147/163 MP: 3/39
 60708 | Vaults:2 | Noticed Bai Suzhen
 60725 | Vaults:2 | Killed Bai Suzhen
 60739 | Vaults:2 | Noticed Frederick
 60757 | Vaults:2 | Killed Frederick
 62440 | Vaults:2 | Noticed Mennas
 64283 | Vaults:2 | Identified the +2 helmet of Vihykuzi {rPois Str+3 Dex+4} (You found it on level 3 of the Elven Halls)
 64764 | Vaults:2 | Got a fine cloak
 64775 | Vaults:2 | Identified the +1 cloak of the Fiend {Str+5 Slay+6} (You found it on level 2 of the Vaults)
 64838 | Vaults:3 | Reached skill level 15 in Invocations
 65542 | Vaults:3 | Found a staircase to the Crypt.
 66007 | Vaults:3 | Reached XP level 22. HP: 172/172 MP: 40/40
 68822 | Vaults:4 | Reached skill level 15 in Spellcasting
 69207 | Vaults:4 | Learned a level 8 spell: Ignition
 69509 | Slime:1  | Entered Level 1 of the Pits of Slime
 70175 | Depths:1 | Entered Level 1 of the Depths
 70220 | Depths:1 | Reached skill level 15 in Dodging
 70579 | Depths:1 | Noticed a golden dragon
 70595 | Depths:1 | Found a one-way gate leading to the halls of Pandemonium.
 70902 | Depths:1 | Reached skill level 15 in Stealth
 71003 | Depths:1 | Identified Nokhlihiqi's Incunabulum of the Twisted Entourage
 71005 | Depths:1 | Identified the Catalogue of Excruciating Creation
 71204 | Depths:1 | Reached XP level 23. HP: 120/179 MP: 38/42
 71941 | Depths:1 | Found a gateway to Hell.
 72749 | Depths:2 | Killed a golden dragon
 72886 | Depths:2 | Noticed a juggernaut
 74422 | Depths:3 | Noticed a caustic shrike
 74794 | Depths:3 | Killed a caustic shrike
 75011 | Depths:3 | Reached skill level 15 in Fighting
 75011 | Depths:3 | Reached skill level 15 in Short Blades
 75011 | Depths:3 | Reached skill level 15 in Long Blades
 75011 | Depths:3 | Reached skill level 15 in Axes
 75011 | Depths:3 | Reached skill level 15 in Maces & Flails
 75011 | Depths:3 | Reached skill level 15 in Polearms
 75011 | Depths:3 | Reached skill level 15 in Staves
 75011 | Depths:3 | Reached skill level 15 in Slings
 75011 | Depths:3 | Reached skill level 15 in Bows
 75011 | Depths:3 | Reached skill level 15 in Crossbows
 75011 | Depths:3 | Reached skill level 15 in Throwing
 75011 | Depths:3 | Reached skill level 15 in Armour
 75011 | Depths:3 | Reached skill level 15 in Shields
 75011 | Depths:3 | Reached skill level 15 in Unarmed Combat
 75011 | Depths:3 | Reached skill level 15 in Evocations
 75457 | Depths:3 | Got a heavily runed lapis lazuli ring
 75537 | Depths:3 | Identified the ring of Tekiuf {rF+ MP+9} (You took it off a vampire knight on level 3 of the Depths)
 75642 | Depths:3 | Learned a level 7 spell: Spellforged Servitor
 76037 | Depths:3 | Noticed the Enchantress
 76055 | Depths:3 | Found a one-way gate to the infinite horrors of the Abyss.
 76188 | Depths:3 | Reached XP level 24. HP: 133/188 MP: 42/42
 76404 | Depths:3 | Found a gateway to a ziggurat.
 76412 | Depths:3 | Noticed Saint Roka
 76599 | Depths:2 | Killed Saint Roka
 77037 | Depths:3 | Learned a level 1 spell: Summon Butterflies
 78641 | Depths:4 | Found Gozag's Antique Weapon Shoppe.
 78659 | Depths:4 | Found Gozag's Assorted Antiques.
 78659 | Depths:4 | Found an opulent altar of Gozag.
 78660 | Depths:4 | Found Gozag's Antique Armour Emporium.
 79118 | Depths:5 | Entered Level 5 of the Depths
 79260 | Depths:5 | Found a stormy altar of Qazlal.
 79642 | Depths:5 | Found Wimaor's Distillery.
 79651 | Depths:5 | Bought a potion of heal wounds for 100 gold pieces
 79651 | Depths:5 | Bought a potion of heal wounds for 100 gold pieces
 79651 | Depths:5 | Bought a potion of magic for 160 gold pieces
 79651 | Depths:5 | Bought a potion of haste for 200 gold pieces
 79651 | Depths:5 | Bought a potion of mutation for 160 gold pieces
 79651 | Depths:5 | Bought a potion of haste for 200 gold pieces
 79847 | Depths:5 | Found a gate to the Realm of Zot.
 80465 | Vaults:5 | Entered Level 5 of the Vaults
 80529 | Vaults:5 | Noticed Sojobo
 80545 | Vaults:5 | Reached XP level 25. HP: 63/196 MP: 43/43
 80550 | Vaults:5 | Killed Sojobo
 80552 | Vaults:5 | Killed from afar by a lich

Vault maps used:
D:1:      scummos_arrival_star
D:2:      hangedman_abyss_or_decor_lesser_grid, uniq_sigmund, uniq_jessica
D:3:      first_ration, minmay_bisected, uniq_natasha
D:4:      kennysheep_potato
D:5:      temple_green
D:6:      uniq_crazy_yiuf_cottage, uniq_eustachio, uniq_duvessa
D:7:      enter_ossuary_1, serial_column_ruins, column_ruins_grid_3,
          column_ruins_columns_T, column_ruins_corridor_straight,
          column_ruins_columns_straight, column_ruins_open_tiny,
          column_ruins_corridor_straight, column_ruins_columns_dead_end,
          serial_shops, kennysheep_mini, the_bakery, minmay_stone_trees_medium,
          uniq_menkaure
D:8:      tso_oasis_becter, erik_lair_orcish_takeover, uniq_pikel, uniq_grum
D:10:     serial_shops, shop, uniq_harold
D:11:     minmay_orc_entry_temple_small, portal_ice_cave_entry_imps,
          uniq_maurice
D:12:     basic_altar
D:13:     einodemon_barbed_minivault, uniq_erolcha
D:14:     david_vaults_2, fountainhead, serial_shops, shop, special_room,
          nicolae_twisting_strands
D:15:     hangedman_depths_entry_civil_slaughter, einodemon_crawler_minivault
Temple:   regret_index_temple_sigil_plot
Lair:1:   lemuel_fruit_tree
Lair:2:   grunt_megastairs_3, minmay_lair_oklob_chamber, uniq_gastronok
Lair:3:   spider_nest_entry_funnel_web, beast_lair_carwin_10, grunt_megastairs_4
Lair:4:   elwin_shoals_entry_rooms, enter_volcano_1, columned_hall_lemuel,
          st_stairs_5
Lair:5:   slime_altar_2, uniq_snorg
Lair:6:   cheibrodos_lair_end_hotspot
Shoals:1: st_cyclops, uniq_louise
Shoals:3: nicolae_shoals_loop_pool, uniq_jorgrun
Shoals:4: shoals_end_simple, shoal_ilsuiw, uniq_polyphemus
Spider:1: hangedman_spider_trapstep
Spider:2: uniq_frances
Spider:3: nicolae_spider_shape
Spider:4: spider_rune_water, spider_trap
Slime:3:  uniq_dissolution
Orc:1:    mines1_david
Orc:2:    grunt_orc_gardens, grunt_orc_garden, grunt_orc_garden,
          grunt_orc_garden, grunt_orc_garden
Elf:1:    serial_shops, shop, hangedman_elf_disciples,
          hangedman_elf_targetted_burst, roderic_roman_lattice
Elf:2:    serial_shops, nicolae_shop_behind_doors, trove_entry_hex_spiral
Elf:3:    minmay_elf_hall_dome, roderic_lattice_octagonal_star, uniq_nikola
Vaults:1: nicolae_vaults_network_quinsquares, nicolae_vaults_little_squares_6,
          v_pattern_1, grunt_vaults_swirl, v_misc_29,
          vaults_room_stairs_pillars, ontoclasm_vaults_gateway
Vaults:2: vaults_mumra_minichess_inversion, dpeg_vaults_pockets_of_resistance,
          hangedman_vaults_capsules, ontoclasm_vaults_pinch,
          nicolae_vaults_little_squares_4, hangedman_vaults_nodes,
          nicolae_vaults_triangles, hangedman_vaults_corner,
          nicolae_vaults_little_squares_4, hangedman_vaults_slice, v_misc_19,
          v_alt_pattern_1, uniq_mennas, uniq_bai_suzhen, uniq_frederick
Vaults:3: nicolae_vaults_windows_and_doors_thing, v_misc_30,
          nicolae_vaults_what_the_h, minmay_crypt_entry_simple_sparse,
          v_misc_26, nicolae_vaults_big_angled_halls, v_rooms_3,
          nicolae_vaults_halls_meeting, v_misc_13, vaults_room_corners,
          ontoclasm_vaults_ring_square
Vaults:4: v_misc_5, v_alt_pattern_4, vaults_mumra_hex, vaults_dpeg_cross,
          ontoclasm_vaults_spin, ontoclasm_vaults_decontamination,
          vaults_room_semicircle, v_misc_11, v_misc_8,
          nicolae_vaults_angled_halls, v_misc_30,
          nicolae_vaults_network_periphery, nicolae_vaults_little_squares_1,
          nicolae_vaults_asterisk, vaults_room_door_ring
Vaults:5: serial_shops, uniq_sojobo
Depths:1: hellmouth_1, nicolae_lava_and_water, pan_entry,
          minmay_checkered_concentric_circles, firewood_loft
Depths:2: hangedman_cross_stitches, minmay_misc_feat_columns, lightli_too_deep,
          minivault_12, infiniplex_staircase_spiral_double
Depths:3: evilmike_diamond_1, enter_ziggurat_a, kennysheep_decorative_pillar,
          grunt_pan_entry_in_and_out, abyss_entry, hell_entry,
          minmay_staircase_bubble, uniq_enchantress, uniq_saint_roka
Depths:4: kennysheep_gozag_temple, abyss_entry, rand_demon_pan_entry_3,
          hell_entry
Depths:5: grunt_zot_entry_pinwheel, grunt_hell_entry_dis_grunt, basic_altar,
          rand_demon_pan_entry_1, minmay_shop_star
Ossuary:  ossuary_due_mausoleum

Skill      XL: |  1  2  3  4  5  6  7  8  9 10 11 12 13 14 15 16 17 18 19 20 21 22 23 24 |
---------------+-------------------------------------------------------------------------+-----
Conjurations   | 2 4 5 6 7 8 9 10 11 12 13 | 13.7
Fighting       | 1 2 5 6 7 8 9 10 11 12 13 14 15 | 15.7
Short Blades   | 1 2 5 6 7 8 9 10 11 12 13 14 15 | 15.7
Long Blades    | 1 2 5 6 7 8 9 10 11 12 13 14 15 | 15.7
Axes           | 1 2 5 6 7 8 9 10 11 12 13 14 15 | 15.7
Maces & Flails | 1 2 5 6 7 8 9 10 11 12 13 14 15 | 15.7
Polearms       | 1 2 5 6 7 8 9 10 11 12 13 14 15 | 15.7
Staves         | 1 2 5 6 7 8 9 10 11 12 13 14 15 | 15.7
Slings         | 1 2 5 6 7 8 9 10 11 12 13 14 15 | 15.7
Bows           | 1 2 5 6 7 8 9 10 11 12 13 14 15 | 15.7
Crossbows      | 1 2 5 6 7 8 9 10 11 12 13 14 15 | 15.7
Throwing       | 1 2 5 6 7 8 9 10 11 12 13 14 15 | 15.7
Armour         | 1 2 5 6 7 8 9 10 11 12 13 14 15 | 15.7
Shields        | 1 2 5 6 7 8 9 10 11 12 13 14 15 | 15.7
Unarmed Combat | 1 2 5 6 7 8 9 10 11 12 13 14 15 | 15.7
Spellcasting   | 5 7 8 9 10 11 12 13 14 15 16 | 16.3
Invocations    | 1 2 5 6 7 8 9 10 11 12 13 14 15 16 | 16.9
Evocations     | 1 2 5 6 7 8 9 10 11 12 13 14 15 | 15.7
Hexes          | 1 4 5 6 7 8 9 10 11 12 13 | 13.5
Charms         | 1 4 5 6 7 8 9 10 11 12 13 | 13.5
Summonings     | 1 4 5 6 7 8 9 10 11 12 13 | 13.5
Necromancy     | 1 4 5 6 7 8 9 10 11 12 13 | 13.5
Translocations | 1 4 5 6 7 8 9 10 11 12 13 | 13.5
Transmutations | 1 4 5 6 7 8 9 10 11 12 13 | 13.5
Ice Magic      | 1 4 5 6 7 8 9 10 11 12 13 | 13.5
Air Magic      | 1 4 5 6 7 8 9 10 11 12 13 | 13.5
Earth Magic    | 1 4 5 6 7 8 9 10 11 12 13 | 13.5
Poison Magic   | 1 4 5 6 7 8 9 10 11 12 13 | 13.5
Dodging        | 5 7 8 9 10 11 12 13 14 15 16 | 16.2
Stealth        | 6 7 8 9 10 11 12 13 14 15 16 | 16.1
Fire Magic     | 7 8 9 10 11 12 13 14 | 14.4

Action                   |  1- 3 |  4- 6 |  7- 9 | 10-12 | 13-15 | 16-18 | 19-21 | 22-24 | 25-27 || total
-------------------------+-------+-------+-------+-------+-------+-------+-------+-------+-------++-------
Melee: Unarmed           |     4 |    10 |    29 |       |       |       |       |       |       ||    43
       Bite              |       |       |     4 |    14 |    12 |    66 |    24 |    15 |       ||   135
       Punch             |       |       |     1 |    11 |     8 |    26 |    15 |     8 |       ||    69
       Staff             |       |       |       |   182 |   111 |   420 |   183 |    80 |       ||   976
 Cast: Flame Tongue      |    39 |    54 |   175 |   186 |    74 |    47 |       |       |       ||   575
       Throw Flame       |       |    30 |    56 |   119 |     4 |       |       |       |       ||   209
       Conjure Flame     |       |     2 |     7 |       |       |       |       |       |       ||     9
       Sticky Flame      |       |       |     8 |   103 |   122 |   188 |    78 |    68 |       ||   567
       Magic Dart        |       |       |       |    21 |       |       |       |       |       ||    21
       Inner Flame       |       |       |       |    14 |     7 |    18 |       |       |       ||    39
       Fireball          |       |       |       |    22 |    32 |   143 |    35 |     8 |       ||   240
       Mephitic Cloud    |       |       |       |     4 |     5 |    14 |     5 |     2 |       ||    30
       Ignite Poison     |       |       |       |     1 |       |     1 |       |       |       ||     2
       Bolt of Draining  |       |       |       |       |   283 |   429 |   287 |   312 |     1 ||  1312
       Dazzling Spray    |       |       |       |       |    29 |    30 |     5 |       |       ||    64
       Apportation       |       |       |       |       |     1 |       |       |       |       ||     1
       Iron Shot         |       |       |       |       |     5 |   112 |   207 |   167 |     2 ||   493
       Freezing Cloud    |       |       |       |       |       |     8 |   122 |   121 |     1 ||   252
       Vampiric Draining |       |       |       |       |       |     4 |       |       |       ||     4
       Borgnjor's Vile C |       |       |       |       |       |       |    35 |    99 |     2 ||   136
       Summon Forest     |       |       |       |       |       |       |     4 |       |       ||     4
       Spellforged Servi |       |       |       |       |       |       |       |     4 |       ||     4
       Ignition          |       |       |       |       |       |       |       |     3 |       ||     3
Evoke: Wand              |       |     4 |     1 |    12 |    13 |    48 |    41 |     9 |       ||   128
       Lightning rod     |       |       |       |       |       |       |    17 |     2 |       ||    19
       Sack of spiders   |       |       |       |       |       |       |     3 |       |       ||     3
       Lamp of fire      |       |       |       |       |       |       |     3 |     2 |       ||     5
       Crystal ball of e |       |       |       |       |       |       |     1 |     1 |       ||     2
  Use: Scroll            |       |     3 |    18 |     8 |    10 |    26 |    11 |    14 |     1 ||    91
       Potion            |       |       |     2 |     3 |     5 |    13 |     4 |     8 |       ||    35
 Stab: Paralysed         |       |       |       |     3 |       |    25 |       |       |       ||    28
       Petrified         |       |       |       |       |       |     7 |       |       |       ||     7
       Invisible         |       |       |       |       |       |     3 |       |       |       ||     3
       Confused          |       |       |       |       |       |       |     6 |       |       ||     6
       Distracted        |       |       |       |       |       |       |     1 |       |       ||     1
  Eat: Chunk             |       |     5 |     9 |    14 |    46 |    88 |    92 |    50 |       ||   304
       Ration            |       |       |     1 |     9 |    17 |    24 |    10 |     6 |       ||    67
Armor: Robe              |     2 |     5 |     4 |       |       |    28 |    99 |    84 |       ||   222
       Ring mail         |       |       |     7 |       |       |       |       |       |       ||     7
       Leather armour    |       |       |    15 |    76 |   144 |   282 |       |       |       ||   517
Dodge: Dodged            |    24 |    25 |    81 |   343 |   574 |  1114 |   398 |   350 |     1 ||  2910

Table legend:
 A = Spawn XP
 B = Non-spawn XP
 C = Spawn XP percentage of total XP
 D = Spawn monster count
 E = Non-spawn monster count
 F = Spawn count percentage of total count
 G = Total turns spent on level
                    A         B        C        D         E        F      G
               +---------+---------+-------+---------+---------+-------+---------
         Total |       0 |  935945 |   0.0 |       0 |    1903 |   0.0 | 80552
               +---------+---------+-------+---------+---------+-------+---------
           D:1 |       0 |      35 |   0.0 |       0 |      22 |   0.0 |   754
           D:2 |       0 |     359 |   0.0 |       0 |      20 |   0.0 |  1389
           D:3 |       0 |     321 |   0.0 |       0 |      27 |   0.0 |   814
           D:4 |       0 |     366 |   0.0 |       0 |      14 |   0.0 |   671
           D:5 |       0 |     685 |   0.0 |       0 |      24 |   0.0 |  1036
           D:6 |       0 |    2209 |   0.0 |       0 |      27 |   0.0 |  1990
           D:7 |       0 |    2043 |   0.0 |       0 |      15 |   0.0 |  1242
           D:8 |       0 |    4003 |   0.0 |       0 |      50 |   0.0 |  1295
           D:9 |       0 |    2501 |   0.0 |       0 |      23 |   0.0 |  1340
          D:10 |       0 |    5971 |   0.0 |       0 |      24 |   0.0 |  1754
          D:11 |       0 |    9415 |   0.0 |       0 |      57 |   0.0 |  1370
          D:12 |       0 |    5661 |   0.0 |       0 |      21 |   0.0 |  1343
          D:13 |       0 |   13042 |   0.0 |       0 |      49 |   0.0 |  1684
          D:14 |       0 |   19782 |   0.0 |       0 |      64 |   0.0 |  1955
          D:15 |       0 |   11223 |   0.0 |       0 |      29 |   0.0 |  1526
        Lair:1 |       0 |    3055 |   0.0 |       0 |      11 |   0.0 |  2318
        Lair:2 |       0 |    8993 |   0.0 |       0 |      27 |   0.0 |  2135
        Lair:3 |       0 |   11572 |   0.0 |       0 |      56 |   0.0 |  4140
        Lair:4 |       0 |    5854 |   0.0 |       0 |      37 |   0.0 |  1417
        Lair:5 |       0 |   10109 |   0.0 |       0 |      24 |   0.0 |  2133
        Lair:6 |       0 |   11601 |   0.0 |       0 |      36 |   0.0 |  2235
      Shoals:1 |       0 |   18764 |   0.0 |       0 |      36 |   0.0 |  1828
      Shoals:2 |       0 |   13180 |   0.0 |       0 |      23 |   0.0 |   816
      Shoals:3 |       0 |   16763 |   0.0 |       0 |      29 |   0.0 |  1986
      Shoals:4 |       0 |   49747 |   0.0 |       0 |      84 |   0.0 |  2627
      Spider:1 |       0 |   11138 |   0.0 |       0 |      38 |   0.0 |  2071
      Spider:2 |       0 |   13381 |   0.0 |       0 |      36 |   0.0 |  1429
      Spider:3 |       0 |    8492 |   0.0 |       0 |      22 |   0.0 |   981
      Spider:4 |       0 |   27904 |   0.0 |       0 |      68 |   0.0 |  2427
       Slime:1 |       0 |    2937 |   0.0 |       0 |       5 |   0.0 |   118
       Slime:2 |       0 |    1282 |   0.0 |       0 |       2 |   0.0 |   222
       Slime:3 |       0 |    7936 |   0.0 |       0 |      15 |   0.0 |   134
         Orc:1 |       0 |    4300 |   0.0 |       0 |      33 |   0.0 |  2250
         Orc:2 |       0 |   10029 |   0.0 |       0 |      68 |   0.0 |  1155
         Elf:1 |       0 |   13515 |   0.0 |       0 |      21 |   0.0 |  1271
         Elf:2 |       0 |   30162 |   0.0 |       0 |      44 |   0.0 |  2299
         Elf:3 |       0 |   61182 |   0.0 |       0 |      57 |   0.0 |  2189
      Vaults:1 |       0 |   35027 |   0.0 |       0 |      61 |   0.0 |  3665
      Vaults:2 |       0 |   92277 |   0.0 |       0 |     127 |   0.0 |  3408
      Vaults:3 |       0 |   60009 |   0.0 |       0 |      94 |   0.0 |  3147
      Vaults:4 |       0 |   25261 |   0.0 |       0 |      44 |   0.0 |  1390
      Vaults:5 |       0 |   54100 |   0.0 |       0 |      40 |   0.0 |    46
      Depths:1 |       0 |   59446 |   0.0 |       0 |      80 |   0.0 |  2456
      Depths:2 |       0 |   49222 |   0.0 |       0 |      49 |   0.0 |  2195
      Depths:3 |       0 |   74910 |   0.0 |       0 |      81 |   0.0 |  2980
      Depths:4 |       0 |   38284 |   0.0 |       0 |      35 |   0.0 |  1375
      Depths:5 |       0 |   27631 |   0.0 |       0 |      28 |   0.0 |  1104
       Ossuary |       0 |     266 |   0.0 |       0 |      26 |   0.0 |   405
               +---------+---------+-------+---------+---------+-------+---------
